 Dungeon Crawl Stone Soup version 0.31.0-32-g396128a36d (webtiles) character file.

Game seed: 5011188539309850119

191 TacoSundae the Changeling (level 5, -4/25 HPs)
             Began as a Vine Stalker Shapeshifter on Apr 5, 2024.
             Slain by Crazy Yiuf
             ... wielding a +3 quarterstaff of chaos
              (7 damage)
             ... on level 2 of the Dungeon.
             The game lasted 00:03:10 (1345 turns).

TacoSundae the Changeling (VSSh)                    Turns: 1345, Time: 00:03:10

Health: -4/25      AC:  5    Str: 19    XL:     5   Next: 70%
Magic:  0/6        EV: 11    Int: 10    God:
Gold:   123        SH:  0    Dex: 13    Spells: 4/4 levels left

rFire   . .          .
                       - Unarmed
rCold   . . .        (no shield)
rNeg    . . .        h - +0 ring mail
rPois   .            (helmet currently unavailable)
rElec   .            (cloak currently unavailable)
rCorr   .            (gloves currently unavailable)
SInv    .            (boots currently unavailable)
Will    .....        (no amulet)
Stlth   +            (no ring)
HPRegen 1.04/turn    (no ring)
MPRegen 0.10/turn

%: guardian spirit
@: lethally poisoned (-4 -> -6), beast-form
A: beast (slay +3), fangs 2, regeneration 1, magic shield, antimagic bite, no
potion heal 2
a: Begin Untransformation


You were on level 2 of the Dungeon.
You were a hulking beast.
You visited 1 branch of the dungeon, and saw 2 of its levels.

You collected 145 gold pieces.
You spent 22 gold pieces at shops.

Inventory:

Missiles
 b - 2 poisoned darts
 f - a throwing net (quivered)
Armour
 h - a +0 ring mail (worn)
 i - a +0 cloak
Talismans
 c - a beast talisman
 d - a flux talisman
Scrolls
 a - a scroll of fog {unknown}
 e - a scroll of immolation {unknown}
Potions
 g - a potion of haste
 j - a potion of enlightenment


   Skills:
 - Level 0.8 Fighting
 - Level 1.5 Dodging
 - Level 3.0 Unarmed Combat
 + Level 5.8 Shapeshifting


You had 4 spell levels left.
You didn't know any spells.
Your spell library contained the following spells:

 Spells                   Type           Power      Damage    Failure   Level
 Sublimation of Blood     Necr           0%         N/A       69%         2
 Fugue of the Fallen      Necr           0%         N/A       89%         3
 Ozocubu's Armour         Ice            0%         N/A       89%         3
 Stone Arrow              Conj/Erth      0%         3d7       89%         3
 Anguish                  Hex/Necr       0%         N/A       100%        4
 Animate Armour           Summ/Erth      0%         N/A       100%        4
 Manifold Assault         Tloc           0%         N/A       100%        4
 Petrify                  Alch/Erth      0%         N/A       100%        4
 Borgnjor's Vile Clutch   Necr/Erth      0%         N/A       100%        5
 Irradiate                Conj/Alch      0%         3d11      100%        5
 Yara's Violent Unravell  Hex/Alch       0%         3d3       100%        5
 Lehudib's Crystal Spear  Conj/Erth      0%         10d2      100%        8


Dungeon Overview and Level Annotations

Branches:
Dungeon (2/15)

Altars:

Shops:
D:2 ?

Annotations:
D:2 Crazy Yiuf


Innate Abilities, Weirdness & Mutations

You are a hulking beast.
Your limbs bulge with bestial killing power. (Slay +3)
You have extremely sharp teeth.
Your natural rate of healing is unusually fast.
When hurt, damage is shared between your health and your magic reserves.
Your bite disrupts and absorbs the magic of your enemies.
Potions cannot restore your health.


Message History

You hit the dart slug.
You kill the dart slug!
You see here a dart slug corpse.
Found a hammer.
You see here a +0 hammer.
You see here a +0 hammer.
Found a runed hammer.
Found a runed translucent door.
Crazy Yiuf shouts!
Okay, then.
Crazy Yiuf says, "Scoff wrapper fast!"
Crazy Yiuf says, "Island ena hog!"
Okay, then.
Unknown command.
Unknown command.
Unknown command.
Unknown command.
Unknown command.
Unknown command.
Unknown command.
As you open the door, it creaks loudly!
You punch Crazy Yiuf!
Crazy Yiuf is moderately wounded.
Crazy Yiuf hits you with a +3 quarterstaff of chaos!
You are poisoned.
You punch Crazy Yiuf!
Crazy Yiuf is severely wounded.
You feel very sick.
Crazy Yiuf hits you with a +3 quarterstaff of chaos.
Crazy Yiuf freezes you.
* * * LOW HITPOINT WARNING * * *
You hit Crazy Yiuf. Your bite misses Crazy Yiuf.
Crazy Yiuf is almost dead.
* * * LOW HITPOINT WARNING * * *
You feel sick. Crazy Yiuf completely misses you.
You closely miss Crazy Yiuf.
Crazy Yiuf is almost dead.
* * * LOW HITPOINT WARNING * * *
You feel very sick.
Crazy Yiuf hits you with a +3 quarterstaff of chaos!
You die...

##### ##### ....#
##### #)..#
###.####...# #.^.#
...........# ...
###.####...# #g# #
#.# #...# ♣h♣♣ # #†#
#...# ♣♣.♣ # #.#
#...# ♣.♣♣ # #.#
#...# ♣♣.♣ ###.#
##.## ♣♣.♣♣ ....#
#.# ♣♣.).♣
#########.# ♣....♣
..........# ##..##
.##############.)..#


You could see Crazy Yiuf.

Vanquished Creatures
  Sigmund (D:2)
  A ribbon worm (D:2)
  2 dart slugs
  An endoplasm (D:1)
  A giant cockroach (D:2)
  2 goblins
  2 hobgoblins
  8 jackals (D:1)
  2 quokkas (D:2)
  3 ball pythons (D:2)
  5 bats
  3 frilled lizards
  4 kobolds (D:1)
  5 rats
40 creatures vanquished.

Notes
Turn   | Place    | Note
-------+----------+-------------------------------------------
     0 | D:1      | TacoSundae the Vine Stalker Shapeshifter began the quest
                  | for the Orb.
     0 | D:1      | Reached XP level 1. HP: 9/9 MP: 2/2
    38 | D:1      | Found a faded altar of an unknown god.
    70 | D:1      | Reached XP level 2. HP: 14/14 MP: 3/3
   422 | D:1      | Reached XP level 3. HP: 17/17 MP: 4/4
   572 | D:1      | Reached skill level 4 in Shapeshifting
   754 | D:2      | Found Ryowuosi's Magic Scroll Emporium.
   770 | D:2      | Bought a scroll of identify for 22 gold pieces
   897 | D:2      | Got Sif Muna's Quarto of Vexatious Amathomancy
  1055 | D:2      | Noticed Sigmund
  1066 | D:2      | Killed Sigmund
  1067 | D:2      | Reached skill level 5 in Shapeshifting
  1067 | D:2      | Reached XP level 4. HP: 19/21 MP: 2/5
  1067 | D:2      | Reached XP level 5. HP: 23/25 MP: 2/6
  1333 | D:2      | Found a runed translucent door.
  1334 | D:2      | Noticed Crazy Yiuf
  1345 | D:2      | Slain by Crazy Yiuf

Illustrated notes

Levels and vault maps discovered:
D:1:      saegor_arrival_simple_a, layout_basic,
          hellmonk_ecumenical_altar_run_dry
D:2:      layout_basic, serial_shops, nicolae_shop_tiny_glass, serial_rivers,
          chequers_serial_rivers_micro_a, chequers_serial_rivers_small_b,
          chequers_serial_rivers_micro_e, chequers_serial_rivers_micro_b,
          chequers_serial_rivers_large_b, chequers_serial_rivers_room_b,
          uniq_sigmund, uniq_crazy_yiuf_cottage

Skill      XL: |  1  2  3 |
---------------+----------+-----
Shapeshifting  | 5 |  5.8
Fighting       | |  0.8
Dodging        | |  1.5
Unarmed Combat | |  3.0

Action                     |  1- 3 |  4- 6 || total
---------------------------+-------+-------++-------
  Melee: Unarmed           |    87 |    18 ||   105
         Bite              |    14 |     3 ||    17
         Punch             |     1 |       ||     1
    Use: Scroll            |     2 |       ||     2
         Potion            |     1 |       ||     1
 Armour: Animal skin       |    13 |       ||    13
         Ring mail         |    29 |     7 ||    36
         Skin              |     5 |       ||     5
  Dodge: Dodged            |    42 |     9 ||    51
